 Dungeon Crawl Stone Soup version 0.25-a0-578-gc91f01c39c (webtiles) character file.

Game seed: 10118263839449111886, levelgen mode: deterministic

543 Flugslaktarn the Chopper (level 7, 0/64 HPs)
             Began as a Deep Dwarf Fighter on Mar 3, 2020.
             Was an Initiate of Makhleb.
             Killed from afar by Crazy Yiuf (7 damage)
             ... with a puff of flame
             ... on level 4 of the Dungeon.
             The game lasted 00:01:10 (1259 turns).

Flugslaktarn the Chopper (Deep Dwarf Fighter)       Turns: 1259, Time: 00:01:11

Health: 0/64       AC:  7    Str: 22    XL:     7   Next: 6%
Magic:  5/5        EV:  7    Int:  8    God:    Makhleb [......]
Gold:   109        SH: 10    Dex: 12    Spells: 6/6 levels left

rFire    . . .     SeeInvis .   a - +0 war axe
rCold    . . .     Gourm    .   c - +0 kite shield
rNeg     . . .     Faith    .   b - +0 scale mail
rPois    .         Spirit   .   (no helmet)
rElec    .         Reflect  .   (no cloak)
rCorr    .         Harm     .   (no gloves)
MR       +....                  (no boots)
Stlth    ..........             (no amulet)
HPRegen  0.00/turn              (no ring)
MPRegen  0.09/turn              (no ring)

@: lethally poisoned (0 -> 0), non-regenerating
A: damage resistance, heal wounds, sense surroundings 1, no regeneration
a: Heal Wounds, Renounce Religion


You were on level 4 of the Dungeon.
You worshipped Makhleb.
Makhleb was noncommittal.
You were not hungry.

You visited 2 branches of the dungeon, and saw 5 of its levels.

You collected 109 gold pieces.

Inventory:

Hand Weapons
 a - a +0 war axe (weapon)
 n - a +1 hand axe of distortion
   (You took it off an orc on level 3 of the Dungeon)
Armour
 b - a +0 scale mail (worn)
 c - a +0 kite shield (worn)
Scrolls
 f - 3 scrolls of enchant weapon {unknown}
 h - a scroll of enchant armour {unknown}
 j - 2 scrolls of fog {unknown}
 k - 2 scrolls of remove curse {unknown}
 m - 3 scrolls of magic mapping {unknown}
 o - a scroll of amnesia {unknown}
 p - 2 scrolls of blinking {unknown}
 q - 3 scrolls of teleportation {unknown}
Potions
 d - a potion of might
 i - a potion of degeneration {unknown}
 l - a potion of cancellation {unknown}
 r - a potion of curing {unknown}
Comestibles
 e - 3 rations


   Skills:
 + Level 4.0 Fighting
 * Level 5.6 Axes
 + Level 4.9 Armour
 + Level 4.9 Shields
 + Level 0.0 Invocations


You had 6 spell levels left.
You didn't know any spells.
Your spell library was empty.

Dungeon Overview and Level Annotations

Branches:
Dungeon (4/15)             Temple (1/1) D:4

Altars:
Cheibriados
Elyvilon
Fedhas
Gozag
Kikubaaqudgha
Makhleb
Nemelex Xobeh
Okawaru
Qazlal
Ru
Trog
Uskayaw
Vehumet
Wu Jian
Xom
Yredelemnul

Annotations:
D:4 Crazy Yiuf


Innate Abilities, Weirdness & Mutations

You are resistant to damage.
You can heal yourself by infusing magical energy.
You passively map a small area around you.
You do not regenerate.


Message History

Crazy Yiuf is heavily wounded.
Crazy Yiuf hits you with a +3 quarterstaff of chaos.
You are electrocuted!!
You hit Crazy Yiuf.
Crazy Yiuf is severely wounded.
Crazy Yiuf says, "Spliff snail mobile!"
You block Crazy Yiuf's attack.
You closely miss Crazy Yiuf.
Crazy Yiuf is severely wounded.
Crazy Yiuf hits you with a +3 quarterstaff of chaos!
* * * LOW HITPOINT WARNING * * *
You are confused.
Crazy Yiuf zaps a wand.
The puff of flame hits you!
* * * LOW HITPOINT WARNING * * *
You're too confused!
You closely miss Crazy Yiuf.
Crazy Yiuf is severely wounded.
You feel less confused.
Crazy Yiuf zaps a wand.
The puff of flame hits you!
You die...

#.... #.... ####....
#....... #....(..
#######.##....
####*###.#.P....#....
#...##..#.PP....#....
#..g@.####......#....
#)..### ##P...##....
#### ####.......
#....... #.......
#....... ########


You could see Crazy Yiuf.

Vanquished Creatures
  A sky beast (D:4)
  2 ogres (D:4)
  A centaur (D:4)
  A scorpion (D:4)
  A hound (D:4)
  2 worker ants (D:4)
  4 adders
  An ooze (D:3)
  A worm (D:4)
  2 leopard geckos (D:4)
  An orc (D:3)
  2 giant cockroaches
  3 hobgoblins
  8 jackals
  A quokka (D:4)
  2 bats
  3 frilled lizards
  3 goblins
  A kobold (D:1)
  3 rats
  A fungus (D:4)
44 creatures vanquished.

Notes
Turn   | Place    | Note
-------+----------+-------------------------------------------
     0 | D:1      | Flugslaktarn the Deep Dwarf Fighter began the quest for the
                  | Orb.
     0 | D:1      | Reached XP level 1. HP: 20/20 MP: 1/1
   184 | D:2      | Reached XP level 2. HP: 21/27 MP: 2/2
   377 | D:3      | Reached skill level 3 in Axes
   377 | D:3      | Reached XP level 3. HP: 34/34 MP: 3/3
   511 | D:4      | Noticed an ogre
   523 | D:4      | Killed an ogre
   523 | D:4      | Reached skill level 4 in Axes
   523 | D:4      | Reached XP level 4. HP: 30/42 MP: 4/4
   523 | D:4      | Reached XP level 5. HP: 35/49 MP: 5/5
   605 | D:4      | Noticed a centaur
   610 | D:4      | Killed a centaur
   610 | D:4      | Reached XP level 6. HP: 31/56 MP: 6/6
   667 | D:4      | Noticed a sky beast
   689 | D:4      | Killed a sky beast
   689 | D:4      | Reached skill level 5 in Axes
   731 | D:4      | HP: 2/57 [ogre/+0 giant club (20)]
   821 | D:4      | Reached XP level 7. HP: 50/64 MP: 5/5
   952 | D:4      | Found a staircase to the Ecumenical Temple.
  1116 | Temple   | Entered the Ecumenical Temple
  1134 | Temple   | Became a worshipper of Makhleb the Destroyer
  1240 | D:4      | Found a runed translucent door.
  1241 | D:4      | Noticed Crazy Yiuf
  1259 | D:4      | Killed from afar by Crazy Yiuf

Levels and vault maps discovered:
D:1:      heliophobic_arrival_glass_houses, layout_loops_ring
D:2:      layout_basic, lemuel_crystal_altar, uniq_sigmund, uniq_jessica
D:3:      lemuel_castle_with_subvaults [lemuel_castle_interior_original],
          layout_basic, first_ration, ebering_ghost_gozag, grunt_decor_arrowhead
D:4:      layout_rooms, temple_hall_moat, st_stairs_14, minmay_fountain_box,
          minmay_misc_feat_doors, uniq_crazy_yiuf_cottage
Temple:   lightli_temple_of_artemis

Skill      XL: |  1  2  3  4  5  6 |
---------------+-------------------+-----
Fighting       | 3 4 |  4.0
Axes           | 3 4 5 |  5.6
Armour         | 4 |  4.9
Shields        | 4 |  4.9

Action                   |  1- 3 |  4- 6 |  7- 9 || total
-------------------------+-------+-------+-------++-------
Melee: War axe           |   103 |    71 |    24 ||   198
 Abil: Heal Wounds       |     2 |     6 |     1 ||     9
  Eat: Ration            |       |       |     1 ||     1
       Chunk             |       |       |     1 ||     1
Armor: Scale mail        |    43 |    56 |     5 ||   104
Dodge: Dodged            |    26 |    33 |     4 ||    63
Block: Kite shield       |    62 |    42 |     8 ||   112

Table legend:
 A = Non-vault XP
 B = Vault XP
 C = Vault XP percentage of total XP
 D = Non-vault monster count
 E = Vault monster count
 F = Vault count percentage of total count
                 A         B        C        D         E       F
            +---------+---------+-------+---------+---------+-------
      Total |     776 |       0 |   0.0 |      43 |       0 |   0.0
            +---------+---------+-------+---------+---------+-------
        D:1 |       5 |       0 |   0.0 |       4 |       0 |   0.0
        D:2 |      33 |       0 |   0.0 |      12 |       0 |   0.0
        D:3 |      40 |       0 |   0.0 |       7 |       0 |   0.0
        D:4 |     698 |       0 |   0.0 |      20 |       0 |   0.0
            +---------+---------+-------+---------+---------+-------
